 Dungeon Crawl Stone Soup version 0.29.0-13-gc9e81de378 (webtiles) character file.

Game seed: 14252941653976931407

252 xian the Firebug (level 5, -2/40 HPs)
             Began as a Draconian Fire Elementalist on Sept 8, 2022.
             Killed from afar by Ijyb (4 damage)
             ... with a bolt of light
             ... on level 4 of the Dungeon.
             The game lasted 00:04:49 (2389 turns).

xian the Firebug (Draconian Fire Elementalist)      Turns: 2389, Time: 00:04:50

Health: -2/40      AC:  5    Str: 10    XL:     5   Next: 89%
Magic:  7/18       EV: 12    Int: 18    God:
Gold:   182        SH:  0    Dex: 11    Spells: 3/10 levels left

rFire   . . .      SeeInvis .   g - +0 short sword
rCold   . . .      Faith    .   (no shield)
rNeg    . . .      Spirit   .   (body armour unavailable)
rPois   .          Reflect  .   (helmet restricted)
rElec   .          Harm     .   (no cloak)
rCorr   +          Rampage  .   (no gloves)
Will    .....                   (no boots)
Stlth   +.........              i - amulet of regeneration
HPRegen 0.93/turn               j - ring of magical power
MPRegen 0.16/turn               o - ring of resist corrosion

@: confused, lethally poisoned (-2 -> -15)
A: AC +5, unfitting armour, cold-blooded
a: no special abilities


You were on level 4 of the Dungeon.
You visited 1 branch of the dungeon, and saw 5 of its levels.

You collected 182 gold pieces.

Inventory:

Hand Weapons
 g - a +0 short sword (weapon)
Jewellery
 i - an amulet of regeneration (around neck)
 j - a ring of magical power (left hand)
 o - a ring of resist corrosion (right hand)
Scrolls
 c - a scroll of enchant weapon {unknown}
 e - a scroll of amnesia {unknown}
 k - 2 scrolls of teleportation {unknown}
 l - 2 scrolls of blinking {unknown}
 p - 3 scrolls of enchant armour {unknown}
 q - a scroll of fear {unknown}
Potions
 a - a potion of magic
 b - a potion of lignification {unknown}
 f - 2 potions of cancellation {unknown}
 h - a potion of heal wounds {unknown}
 m - a potion of resistance
 n - a potion of brilliance {unknown}


   Skills:
 + Level 1.3 Fighting
 + Level 1.8 Short Blades
 + Level 2.7 Dodging
 + Level 2.4 Stealth
 + Level 0.2 Unarmed Combat
 + Level 3.2 Spellcasting
 + Level 2.1 Conjurations
 + Level 3.9 Fire Magic


You had 3 spell levels left.
You knew the following spells:

 Your Spells              Type           Power      Damage    Failure   Level
a - Foxfire               Conj/Fire      52%        2x1d6     4%          1
b - Scorch                Fire           34%        2d6       4%          2
c - Flame Wave            Conj/Fire      13%        2d6       41%         4

Your spell library contained the following spells:

 Spells                   Type           Power      Damage    Failure   Level
 Conjure Flame            Conj/Fire      13%        6-21      14%         3
 Inner Flame              Hex/Fire       10%        N/A       22%         3


Dungeon Overview and Level Annotations

Branches:
Dungeon (5/15)
 Temple: D:4-7

Altars:

Annotations:
D:4 Ijyb


Innate Abilities, Weirdness & Mutations

Your plain brown scales are hard. (AC +5)
You cannot fit into any form of body armour.
You are cold-blooded and may be slowed by cold attacks.


Message History

The scorpion is severely wounded.
The foxfire hits the scorpion but does no damage.
The scorpion is severely wounded.
The scorpion stings you but does no damage.
The iguana completely misses you. Ijyb hits you with a +6 club.
Your magical contamination has completely faded away.
Found 6 stones and 14 gold pieces.
Ijyb barely misses you. The scorpion attacks as you move away!
The scorpion stings you.
Found a scratched diamond ring.
The scorpion attacks as you move away!
The scorpion stings you but does no damage.
The scorpion closely misses you.
You are too injured to fight recklessly!
You are too injured to fight recklessly!
You are too injured to fight recklessly!
You are too injured to fight recklessly!
Casting: Foxfire (safe; 4% risk of failure)
Confirm with . or Enter, or press ? or * to list all spells.
You conjure some foxfire!
The scorpion stings you.
You are poisoned.
The scorpion poisons you!
Ijyb zaps a wand.
The bolt of light hits your foxfire!
Your foxfire is blinded.
The bolt of light hits you!
You are confused.
* * * LOW HITPOINT WARNING * * *
You bump into the rock wall.
* * * LOW HITPOINT WARNING * * *
You feel very sick.
The foxfire hits the scorpion but does no damage.
The scorpion is heavily wounded.
The scorpion stings you.
* * * LOW HITPOINT WARNING * * *
You are more poisoned.
The scorpion poisons you!
The iguana hisses menacingly.
Ijyb zaps a wand.
The bolt of light hits your foxfire! The bolt of light hits you.
You are more confused.
You die...

..# ..##. ####.....
##........
####.........
######...g........
......$..#ยง.......
.......>ls@.....#
.........#.[...(#
.........#......#
.........#=.....#
.........#......#
.........#..$...#
.........#......#
..?......#......#


You could see Ijyb (resistant), a scorpion and an iguana.

Vanquished Creatures
  Sigmund (D:2)
  Jessica (D:2)
  Robin (D:2)
  An adder (D:2)
  A worm (D:2)
  A dart slug (D:1)
  2 bats
  4 endoplasms
  10 goblins
  7 hobgoblins
  A quokka (D:1)
  2 ball pythons (D:1)
  5 frilled lizards (D:1)
  4 kobolds
41 creatures vanquished.

Vanquished Creatures (collateral kills)
  A foxfire (D:1)
1 creature vanquished.

Vanquished Creatures (others)
  115 foxfires
  A plant (D:1)
116 creatures vanquished.

Grand Total: 158 creatures vanquished

Notes
Turn   | Place    | Note
-------+----------+-------------------------------------------
     0 | D:1      | xian the Draconian Fire Elementalist began the quest for
                  | the Orb.
     0 | D:1      | Reached XP level 1. HP: 14/14 MP: 3/3
   288 | D:1      | Reached XP level 2. HP: 17/20 MP: 0/5
   370 | D:1      | Learned a level 2 spell: Scorch
   818 | D:1      | Found a faded altar of an unknown god.
  1260 | D:2      | Reached XP level 3. HP: 20/26 MP: 4/6
  1370 | D:2      | Noticed Robin
  1405 | D:2      | Killed Robin
  1616 | D:2      | Noticed Jessica
  1622 | D:2      | Killed Jessica
  1623 | D:2      | Reached XP level 4. HP: 20/34 MP: 2/7
  1864 | D:2      | Noticed Sigmund
  1870 | D:2      | Killed Sigmund
  1871 | D:2      | Reached skill level 1 in Fighting
  1871 | D:2      | Reached skill level 1 in Short Blades
  1871 | D:2      | Reached XP level 5. HP: 28/40 MP: 9/9
  2168 | D:2      | Learned a level 4 spell: Flame Wave
  2368 | D:3      | You fall into a shaft and drop 2 floors!
  2368 | D:5      | Entered Level 5 of the Dungeon
  2372 | D:4      | Noticed Ijyb
  2389 | D:4      | HP: 2/40 [scorpion (1)]
  2389 | D:4      | Killed from afar by Ijyb

Illustrated notes

Levels and vault maps discovered:
D:1:      minmay_arrival_loop, layout_loops_ring,
          shapermc_ecumenical_altar_mp_ritualfount
D:2:      layout_basic, kennysheep_doodads, dreamdust_mushroom_princess,
          uniq_sigmund, uniq_jessica, uniq_robin
D:3:      layout_basic, mainiacjoe_overflow_paths
D:4:      layout_rooms, minitemple, minmay_misc_feat_four_crosses,
          grunt_ministairs_1, uniq_ijyb, uniq_natasha
D:5:      layout_rooms, minmay_temple_entry_offerings,
          nicolae_figureground_pulse, uniq_blork_the_orc, uniq_prince_ribbit1

Skill      XL: |  1  2  3  4 |
---------------+-------------+-----
Stealth        | 2 |  2.4
Dodging        | 2 |  2.7
Fighting       | 1 |  1.3
Short Blades   | 1 |  1.8
Spellcasting   | 3 |  3.2
Conjurations   | 2 |  2.1
Unarmed Combat | |  0.2
Fire Magic     | |  3.9

Action                   |  1- 3 |  4- 6 || total
-------------------------+-------+-------++-------
Melee: Club              |     6 |       ||     6
       Unarmed           |     4 |       ||     4
       Short sword       |    49 |     3 ||    52
       Tailslap          |     8 |     1 ||     9
 Cast: Foxfire           |    48 |    31 ||    79
       Scorch            |     5 |     3 ||     8
  Use: Potion            |     1 |     2 ||     3
 Stab: Sleeping          |     1 |       ||     1
Armor: Skin              |    20 |     7 ||    27
Dodge: Dodged            |    50 |    16 ||    66
